 Dungeon Crawl Stone Soup version 0.19.5 (console) character file.

3040 demorobin the Nimble (level 9, -9/63 (66) HPs)
             Began as an Octopode Transmuter on Mar 13, 2017.
             Was an Initiate of Cheibriados.
             Killed from afar by Erica (25 damage)
             ... with an orb of energy
             ... on level 8 of the Dungeon.
             The game lasted 00:27:48 (10963 turns).

demorobin the Nimble (Octopode Transmuter)         Turns: 10963, Time: 00:27:49

HP:   -9/63 (66)    AC:  6    Str: 10    XL:     9   Next: 86%
MP:   5/12          EV: 21    Int: 20    God:    Cheibriados [......]
Gold: 357           SH:  0    Dex: 18    Spells: 4 memorised, 2 levels left

rFire  x . .     SeeInvis .       - Unarmed
rCold  + + +     Gourm    .     (shield currently unavailable)
rNeg   . . .     Faith    .     (helmet currently unavailable)
rPois  +         Spirit   .     (no amulet)
rElec  .         Reflect  .     d - ring of protection from magic
rCorr  .         Harm     .     (no ring)
MR     +....                    (no ring)
Stlth  ++++......               (no ring)
                                (no ring)
                                (no ring)
                                (no ring)
                                (no ring)

@: agile, ice-form, very slightly contaminated, very slow
A: almost no armour, stealthy swim, amphibious, 8 rings, (constrict 8),
(camouflage 0), (gelatinous body 0)
a: End Transformation, Bend Time, Renounce Religion


You were on level 8 of the Dungeon.
You worshipped Cheibriados.
Cheibriados was noncommittal.
You were hungry.
You were a creature of crystalline ice.
You visited 2 branches of the dungeon, and saw 9 of its levels.

You collected 357 gold pieces.

Inventory:

Hand Weapons
 n - a +0 dagger of electrocution
 w - a +2 whip of flaming
 D - the +4 battleaxe of Peuteof (melded) {elec, *Drain rElec Int+6 Dex-5}
   (You found it on level 7 of the Dungeon)

   Occasionally, upon striking a foe, it will discharge some electrical energy
   and cause terrible harm.
   It affects your intelligence (+6).
   It affects your dexterity (-5).
   It insulates you from electricity.
   It causes draining when unequipped.
Missiles
 a - 103 arrows
 e - 164 stones (quivered)
 o - 53 poisoned needles
 C - 2 poisoned tomahawks
Jewellery
 d - a ring of protection from magic (left front paw)
 K - an uncursed amulet of regeneration {unknown}
Wands
 H - a wand of paralysis (7/24)
 I - a wand of acid (2/15)
 L - a wand of slowing (30/48)
 M - a wand of lightning (5/15)
 O - a wand of paralysis (9/24)
Scrolls
 f - 4 scrolls of teleportation
 g - 3 scrolls of enchant armour
 i - a scroll of magic mapping
 k - a scroll of enchant weapon {unknown}
 m - a scroll of recharging {unknown}
 s - 2 scrolls of blinking
 t - a scroll of immolation {unknown}
 u - a scroll of amnesia {unknown}
 v - a scroll of fear {unknown}
 x - a scroll of random uselessness {unknown}
 G - 2 scrolls of remove curse
Potions
 h - a potion of invisibility
 j - 2 potions of brilliance
 l - a potion of degeneration {unknown}
 p - a potion of flight {unknown}
 r - a potion of berserk rage {unknown}
 z - 2 potions of curing {unknown}
 A - 2 potions of lignification {unknown}
 B - 2 potions of agility
 E - a potion of resistance {unknown}
 F - a potion of might {unknown}
Books
 b - a book of Changes

   Spells                             Type                      Level
   a - Beastly Appendage              Transmutation                1
   b - Sticks to Snakes               Transmutation                2
   c - Spider Form                    Transmutation/Poison         3
   d - Ice Form                       Ice/Transmutation            4
   e - Blade Hands                    Transmutation                5
 y - a book of Maledictions

   Spells                             Type                      Level
   a - Corona                         Hexes                        1
   b - Ensorcelled Hibernation        Hexes/Ice                    2
   c - Confuse                        Hexes                        3
   d - Tukima's Dance                 Hexes                        3
   e - Dazzling Spray                 Conjuration/Hexes            3
 J - a book of Misfortune

   Spells                             Type                      Level
   a - Confusing Touch                Hexes                        1
   b - Confuse                        Hexes                        3
   c - Gell's Gravitas                Hexes/Translocation          3
   d - Petrify                        Transmutation/Earth          4
   e - Metabolic Englaciation         Hexes/Ice                    5
   f - Yara's Violent Unravelling     Hexes/Transmutation          5
Comestibles
 c - 4 bread rations
 q - 4 meat rations


   Skills:
 + Level 2.5 Fighting
 + Level 9.4 Dodging
 - Level 3.4 Stealth
 - Level 6.8 Unarmed Combat
 - Level 2.0 Spellcasting
 - Level 6.5 Transmutations
 + Level 2.5 Invocations


You had 2 spell levels left.
You knew the following spells:

 Your Spells              Type           Power        Failure   Level  Hunger
a - Beastly Appendage     Tmut           ####..       1%          1    #......
b - Spider Form           Tmut/Pois      ###.......   14%         3    ###....
c - Ice Form              Ice/Tmut       ###.....     45%         4    #####..
e - Sticks to Snakes      Tmut           ####....     1%          2    ##.....


Dungeon Overview and Level Annotations

Branches:
Dungeon (8/15)             Temple (1/1) D:7
   Lair: D:8-11

Altars:
Cheibriados
Dithmenos
Elyvilon
Fedhas
Gozag
Hepliaklqana
Kikubaaqudgha
Makhleb
Nemelex Xobeh
Okawaru
Qazlal
Ru
Sif Muna
Uskayaw
Vehumet
Xom
Yredelemnul
Zin
The Shining One

Annotations:
D:7 2 runed doors
D:8 Erica


Innate Abilities, Weirdness & Mutations

You cannot wear most types of armour.
You are very stealthy in the water. (Stealth+)
You are amphibious.
You can wear up to eight rings at the same time.
((You can use your tentacles to constrict eight enemies at once.))
((Your skin changes colour to match your surroundings (Stealth+).))
((Your rubbery body absorbs attacks. (AC +1, EV +1)))


Message History

You take 14 damage, and have 38/63 hp.
MASSIVE DAMAGE!!
You closely miss something.
You hear a distant blaring wail to the north.
You closely miss something. Something hits you! Something melts you.
You take 11 damage, and have 28/63 hp.
You barely miss something. Something hits you!
* * * LOW HITPOINT WARNING * * *
Something melts you.
* * * LOW HITPOINT WARNING * * *
You take 13 damage, and have 15/63 hp.
MASSIVE DAMAGE!!
You feel agile all of a sudden. Something barely misses you.
You barely miss something. You hit something. You freeze something.
You hear some strange, mumbled words.
An orb of energy appears from out of thin air!
The orb of energy hits you!
You die...

.. █..█ . ...█
█. █..█
████.██..████
............███
████...........
.......y█
████.██{█
█.██Y█ █.██.█
█.██.█
.██████.██.█
...........█
█.██........█
.██........█
...........█
.██........█


You could see a killer bee.

Vanquished Creatures
  A hill giant (D:7)
  A hippogriff (D:7)
  A wyvern (D:5)
  A human (D:3)
  A water moccasin (D:7)
  Duvessa (D:6)
  2 ice beasts (D:6)
  An orc warrior (D:7)
  5 ogres
  2 necrophages (D:6)
  A centaur (D:6)
  3 bullfrogs (D:6)
  Dowan (D:6)
  A scorpion (D:7)
  An orc priest (D:7)
  3 orc wizards
  4 hounds
  2 centaur skeletons (D:6)
  An iguana (D:6)
  3 worker ants
  A hound zombie (D:7)
  10 adders
  2 shadow imps (D:6)
  An ooze (D:3)
  An adder zombie (D:5)
  6 worms
  2 dart slugs
  5 leopard geckos
  22 orcs
  5 giant cockroaches
  8 goblins
  11 hobgoblins
  3 jackals
  4 quokkas
  2 ball pythons (D:1)
  7 bats
  5 frilled lizards
  13 kobolds
  A kobold skeleton (D:3)
  A quokka skeleton (D:4)
  6 rats
152 creatures vanquished.

Vanquished Creatures (collateral kills)
  A howler monkey (D:6)
  A quasit (D:5)
  A jelly (D:6)
  A worker ant (D:4)
4 creatures vanquished.

Grand Total: 156 creatures vanquished

Notes
Turn   | Place    | Note
-------+----------+-------------------------------------------
     0 | D:1      | demorobin the Octopode Transmuter began the quest for the Orb.
     0 | D:1      | Reached XP level 1. HP: 13/13 MP: 3/3
     0 | D:1      | beem: I am beem. For help, type: !beem
   219 | D:1      | ReniFell: imba
   226 | D:1      | Reached XP level 2. HP: 15/18 MP: 3/5
   274 | D:1      | Wingboner: ?
   311 | D:1      | ReniFell: >>cursed
   343 | D:1      | ReniFell: >>>rc
   388 | D:1      | Wingboner: А, есть такое дело.
   388 | D:1      | Wingboner: У меня статуя бога хаоса стоит дома.
   388 | D:1      | ReniFell: D:
   388 | D:1      | Wingboner: Так что я удачливый.
   410 | D:1      | Learned a level 2 spell: Sticks to Snakes
  1070 | D:2      | Wingboner: Зато теперь мне ссыкотно брать в руки вообще что угодно.
  1070 | D:2      | Mlkhall: Трансмутатор?
  1070 | D:2      | Wingboner: Потому что бог любит прикалываться.
  1070 | D:2      | ReniFell: Это да
  1070 | D:2      | Wingboner: Ну да, я показываю, как надо.
  1317 | D:2      | Reached XP level 3. HP: 17/23 MP: 4/6
  1322 | D:2      | Learned a level 3 spell: Spider Form
  1337 | D:2      | Wingboner: Секунду, еду помешаю.
  1337 | D:2      | Mlkhall: У меня трансмутаторы самые успешные из мерфолка получался.
  1337 | D:2      | Wingboner: Мерфолк очень простой на старте.
  1337 | D:2      | Wingboner: Но из осьминога потом лучше получается.
  1337 | D:2      | ReniFell: Да мне лень играть каким-нибудь natm. Хочу сразу в оп
  1337 | D:2      | Wingboner: А САМЫЙ крутой мутер это тролль.
  1337 | D:2      | Wingboner: Он и сразу крут и потом.
  1358 | D:2      | Found a shimmering altar of Xom.
  1399 | D:2      | ReniFell: >>>>>>>>stone claws
  1641 | D:2      | ReniFell: Паук д2
  1641 | D:2      | ReniFell: Мощно
  1950 | D:2      | fotsohgehT: ев меньше давать стало, что ли?
  2064 | D:2      | fotsohgehT: 23 же было
  2073 | D:2      | Wingboner: !apt op
  2073 | D:2      | beem: Op: Fighting: 0, Short: 0, Long: 0, Axes: 0, Maces: 0, Polearms: 0, Staves: 0, Slings: 0, Bows: 0, Xbows: 0, Throw: 0, Armour: N/A, Dodge: 0, Stealth: 4, Shields: 0, UC: 0, Splcast: -1, Conj: 0, Hexes: 0, Charms: 0, Summ: 0, Nec: 0, Tloc: 0, Tmut: 0, Fire: 0, Ice: 0, Air: 0, Earth: 0, Poison: 2, Inv: 1, Evo: 1, Exp: 0, HP: -1, MP: 0
  2073 | D:2      | Wingboner: ^вот поэтому
  2363 | D:2      | Reached XP level 4. HP: 28/28 MP: 3/7
  2583 | D:2      | fotsohgehT: яд что не качаешь?
  2704 | D:2      | Mlkhall: А бога какого брать будешь?
  2704 | D:2      | Wingboner: Че.
  2704 | D:2      | Wingboner: А зачем нужен яд?
  2970 | D:2      | fotsohgehT: он дешевле
  2989 | D:2      | Wingboner: Да.
  2989 | D:2      | Wingboner: НО!
  2989 | D:2      | Wingboner: Тмуты не только паука мне качают.
  2989 | D:2      | ReniFell: Оптм самое оптимальное чеи брать?
  2989 | D:2      | Wingboner: Я ледяную форму тоже хочу очень быстро.
  2989 | D:2      | Wingboner: Нет.
  3073 | D:2      | fotsohgehT: вкачай яд до двух
  3104 | D:2      | ReniFell: А какие еще варианты
  3126 | D:2      | fotsohgehT: потом айс до двух
  3126 | D:2      | fotsohgehT: это дешевле, чем рашить трансмут
  3219 | D:3      | Wingboner: Сейчас я немного стелса возьму.
  3277 | D:3      | Reached skill level 1 in Stealth
  3286 | D:3      | fotsohgehT: я своим нашёл алтарь жывы на д5 и взял её
  3452 | D:3      | fotsohgehT: могу сказать, что это было нихера не оптимально
  3484 | D:3      | ReniFell: :D
  3531 | D:3      | Found a faded altar of an unknown god.
  3555 | D:3      | Reached XP level 5. HP: 20/33 MP: 5/8
  3565 | D:3      | ReniFell: Змея двоечку прописала
  3703 | D:2      | Mlkhall: А тебе не стремно брать чебриадоса. Ты и так тонкий а тут еще замедло
  3742 | D:3      | ReniFell: Да чеи топ бог
  3742 | D:3      | fotsohgehT: поэтому я ядовитых закидываю змеями
  3742 | D:3      | Wingboner: !lg xenobreeder won /chei
  3742 | D:3      | beem: 49/89 games for xenobreeder (won): N=49/89 (55.06%)
  3742 | D:3      | Wingboner: ^
  3750 | D:3      | ReniFell: Меня интересует возможность взять веха
  3817 | D:3      | fotsohgehT: нафига он трансмутеру?
  4003 | D:3      | ReniFell: Чтобы потом магии много прокачать
  4003 | D:3      | Wingboner: Тогда лучше Сиф бери.
  4003 | D:3      | Wingboner: Формы даст.
  4028 | D:3      | ReniFell: Сиф же не очень
  4029 | D:3      | Found a runed door.
  4029 | D:3      | Noticed a human
  4055 | D:3      | Found a basalt altar of Yredelemnul.
  4068 | D:3      | Killed a human
  4068 | D:3      | Reached skill level 3 in Dodging
  4068 | D:3      | Reached skill level 5 in Transmutations
  4068 | D:3      | Mlkhall: Мне сиф нравиться.
  4068 | D:3      | Wingboner: Сиф новая, после бафа ОЧЕНЬ.
  4068 | D:3      | Mlkhall: У нее скилы разнообразнее.
  4068 | D:3      | Wingboner: Очень крута.
  4068 | D:3      | Reached XP level 6. HP: 31/38 MP: 6/9
  4181 | D:3      | ReniFell: Новая - это с какой версии
  4181 | D:3      | Wingboner: Не зря стремался.
  4181 | D:3      | Wingboner: Вроде 19 или 18.
  4182 | D:3      | ReniFell: ХМ
  4374 | D:3      | ReniFell: Я просто не трогал ее даже
  4412 | D:3      | Wingboner: Я трогал, пропёрло.
  4786 | D:4      | Reached skill level 4 in Dodging
  4787 | D:4      | Noticed a phantom
  5067 | D:4      | ReniFell: Ну и танцы
  5092 | D:4      | Wingboner: Ну дык зато выжил.
  5145 | D:4      | ReniFell: О том и речь
  5159 | D:3      | Reached XP level 7. HP: 43/43 MP: 7/10
  5203 | D:3      | Learned a level 4 spell: Ice Form
  5306 | D:4      | ReniFell: Конфуз стоит учить?
  5306 | D:4      | fotsohgehT: на будущее, если только
  5328 | D:5      | Entered Level 5 of the Dungeon
  5329 | D:5      | ReniFell: Понятное дело, что не прямо сейчас
  5446 | D:5      | Found a blossoming altar of Fedhas.
  6045 | D:5      | Found a stormy altar of Qazlal.
  6072 | D:5      | Reached skill level 5 in Dodging
  6497 | D:5      | Wingboner: С маркой понятно что надо драпать наверх, роняя кал.
  6497 | D:5      | Wingboner: Потому что иначе зажмут и вё.
  6497 | D:5      | Wingboner: *всё
  6497 | D:5      | ReniFell: Да понятно
  6737 | D:6      | Reached skill level 6 in Dodging
  6740 | D:6      | Reached XP level 8. HP: 22/48 MP: 2/11
  7084 | D:6      | Wingboner: Вот сейчас уже пригодится и анарм.
  7202 | D:6      | fotsohgehT: >трансмуты - цена 7
  7211 | D:6      | fotsohgehT: >лёд - 1
  7397 | D:5      | Wingboner: Угу. Но мне льда больше просто не нужно.
  7397 | D:5      | Wingboner: Он у меня уже на 50%.
  7397 | D:5      | Wingboner: Че даст инты, будет норма.
  7397 | D:5      | Wingboner: А нужны мне бх.
  7424 | D:6      | Noticed Duvessa
  7437 | D:6      | fotsohgehT: бх с осминогом не так уж и хороши
  7442 | D:6      | Killed Duvessa
  7443 | D:6      | Noticed Dowan
  7567 | D:5      | fotsohgehT: а до чеиинты ещё дожить надо
  7567 | D:5      | Wingboner: Неправда.
  7567 | D:5      | Wingboner: Бх с осьминогом хороши, если много уворота.
  7567 | D:5      | fotsohgehT: а потом эти 200ехр тебе погоды не сделают
  7668 | D:5      | ReniFell: А у осьминога 8 бх? :D
  7731 | D:5      | Reached skill level 7 in Dodging
  7772 | D:6      | Noticed a wyvern
  7788 | D:5      | Killed a wyvern
  7922 | D:5      | Wingboner: Нет, к сожалению.
  7962 | D:5      | ReniFell: D:
  7962 | D:5      | Wingboner: Точнее, почти да.
  7962 | D:5      | Wingboner: 8 колец на них =)
  7997 | D:6      | ReniFell: Не допилили
  8327 | D:6      | ReniFell: -30
  8327 | D:6      | ReniFell: ИБАТ
  8333 | D:6      | Killed Dowan
  8333 | D:6      | Reached skill level 5 in Unarmed Combat
  8344 | D:6      | Reached skill level 8 in Dodging
  8344 | D:6      | Reached XP level 9. HP: 37/53 MP: 9/12
  8367 | D:6      | ReniFell: Найс пихает дувин
  8389 | D:6      | ReniFell: @?necrophage
  8389 | D:6      | beem: necrophage (n)
                  | Spd:
    10 | HD: 5    | HP: 22-32
                  | AC/EV: 2/10
                  | Dam: 8(rot)
                  | undead, doors, evil, unbreathing
                  | Res: magic(40), cold, poison+++, drown, rot, neg+++, torm
                  | Vul: holy
                  | Chunks: noxious
                  | XP:
   122 | Sz: Medium | Int: human.
  8931 | D:6      | Wingboner: У него появляется сосулька.
  8931 | D:6      | Wingboner: Она злая.
  8989 | D:6      | ReniFell: Знаю
  9036 | D:7      | ReniFell: @?icicle
  9036 | D:7      | beem: unknown monster: "icicle"
  9051 | D:7      | ReniFell: ??icicle
  9061 | D:7      | beem: throw icicle[1/1]: A 4th level Ice/Conjuration spell. Throw Icicle casts a single-target projectile of high-velocity ice, doing mixed cold and physical damage. 40% of the damage can be mitigated by cold resistance. 3d20 at max power. In the Book of Frost. To-hit: 9+power/12.
  9081 | D:7      | Found a hide-covered altar of Uskayaw.
  9085 | D:7      | Noticed a dagger
  9085 | D:7      | Noticed a dagger
  9097 | D:7      | ReniFell: >>>>>3d20
  9101 | D:7      | ReniFell: jopa
  9253 | D:7      | Noticed a hill giant
  9271 | D:7      | Killed a hill giant
  9420 | D:7      | Reached skill level 9 in Dodging
  9422 | D:7      | Found a sparkling altar of Nemelex Xobeh.
  9639 | D:7      | Found a staircase to the Ecumenical Temple.
  9640 | D:7      | ReniFell: >>>>>>>rndart baxe
  9644 | Temple   | Entered the Ecumenical Temple
  9756 | Temple   | Became a worshipper of Cheibriados the Contemplative
  9849 | D:7      | Got a slimy battleaxe
  9850 | D:7      | Identified the +4 battleaxe of Peuteof {elec, *Drain rElec Int+6 Dex-5} (You found it on level 7 of the Dungeon)
  9851 | D:7      | ReniFell: w o w
  9877 | D:7      | Reached skill level 1 in Invocations
  9883 | D:7      | Wingboner: Это считай кольцо на +6 инты.
  9906 | D:7      | ReniFell: Это все твоя статуя
 10112 | D:7      | ReniFell: Нечестно играешь
 10112 | D:7      | Wingboner: (она у меня реально есть)
 10183 | D:7      | Found a runed door.
 10207 | D:7      | ReniFell: Так я верю
 10382 | D:7      | Found an opulent altar of Gozag.
 10458 | D:7      | Found a faded altar of an unknown god.
 10458 | D:7      | Found a faded altar of an unknown god.
 10463 | D:7      | Found a shadowy altar of Dithmenos.
 10466 | D:7      | Found a faded altar of an unknown god.
 10470 | D:7      | Found a faded altar of an unknown god.
 10633 | D:7      | Found a runed door.
 10824 | D:7      | Wingboner: Там насекомые внутри.
 10824 | D:7      | Wingboner: Если б ещё не взял Че, то разобрал бы.
 10824 | D:7      | ReniFell: Надо пару *
 10824 | D:7      | Wingboner: А сейчас я как раз в самом хреновом положении: уже медленный, но ещё без статов.
 10862 | D:7      | ReniFell: Да
 10889 | D:8      | Wingboner: Разберу потом.
 10936 | D:8      | Wingboner: Кстати, видишь? Уже 30% на льде.
 10936 | D:8      | Wingboner: Инта решает.
 10936 | D:8      | ReniFell: Ну так +6
 10936 | D:8      | Wingboner: Ну так Че всё равно дал бы +15.
 10951 | D:8      | Noticed Erica
 10952 | D:8      | ReniFell: С чеи упадет очень быстро
 10952 | D:8      | ReniFell: Да
 10963 | D:8      | Killed from afar by Erica

Skill      XL: |  1  2  3  4  5  6  7  8  9 |
---------------+----------------------------+-----
Transmutations | 3 4 5 6 |  6.5
Stealth        | 2 3 |  3.4
Dodging        | 3 4 6 8 9 |  9.4
Unarmed Combat | 5 6 |  6.8
Invocations    | 2 |  2.5
Fighting       | 2 |  2.5
Spellcasting   | |  2.0

Action                   |  1- 3 |  4- 6 |  7- 9 || total
-------------------------+-------+-------+-------++-------
Melee: Unarmed           |    91 |   147 |   284 ||   522
       Constrict         |    16 |     5 |     1 ||    22
       Tentacles         |     7 |     6 |     1 ||    14
       Kick              |     7 |       |       ||     7
       Punch             |     1 |       |       ||     1
       Dagger            |       |       |    21 ||    21
Throw: Stone             |    10 |       |     2 ||    12
       Tomahawk          |       |       |     2 ||     2
 Cast: Beastly Appendage |    12 |       |       ||    12
       Spider Form       |    11 |    33 |    43 ||    87
       Sticks to Snakes  |       |     3 |    16 ||    19
       Ice Form          |       |       |     2 ||     2
 Abil: End Transformatio |     5 |    10 |    15 ||    30
  Use: Scroll            |     1 |     5 |     7 ||    13
       Potion            |       |     1 |     3 ||     4
 Stab: Sleeping          |     7 |     7 |       ||    14
       Invisible         |       |       |     4 ||     4
       Distracted        |       |       |     2 ||     2
  Eat: Chunk             |     2 |    11 |    22 ||    35
       Pizza             |     1 |       |     1 ||     2
       Bread ration      |     1 |       |       ||     1
       Beef jerky        |       |       |     1 ||     1
       Fruit             |       |       |     3 ||     3
Armor: Skin              |     7 |     6 |    10 ||    23
Dodge: Dodged            |    61 |   105 |   304 ||   470
